 Dungeon Crawl Stone Soup version 0.18-a0-1160-geb89fc2 (webtiles) character file.

256 poirepourri the Skirmisher (level 5, 0/42 HPs)
             Began as a Demonspawn Berserker on Jan 24, 2016.
             Was a Believer of Trog.
             Killed by nerve-wracking pain
             ... invoked by Grinder
              (10 damage)
             ... on level 3 of the Dungeon.
             The game lasted 00:04:19 (4055 turns).

poirepourri the Skirmisher (Demonspawn Berserker)   Turns: 4055, Time: 00:04:19

Health: 0/42       AC:  3    Str: 18    XL:     5   Next: 92%
Magic:  5/5        EV: 13    Int:  9    God:    Trog [**....]
Gold:   74         SH:  0    Dex: 12    Spells: 0 memorised, 4 levels left

rFire  . . .     SeeInvis .     a - +0 hand axe
rCold  . . .     Gourm    .     l - +0 leather armour
rNeg   . . .     Faith    .     (no shield)
rPois  .         Spirit   .     (no helmet)
rElec  .         Dismiss  .     (no cloak)
rCorr  .         Reflect  .     (no gloves)
SustAt .         Harm     .     (no boots)
MR     .....                    (no amulet)
Stlth  +.........               (no ring)
                                (no ring)

@: exhausted, slowed, very slow, not resistant to hostile enchantments, very
unstealthy
A: hooves 1, rot immunity
a: Berserk, Trog's Hand, Burn Spellbooks, Renounce Religion


You were on level 3 of the Dungeon.
You worshipped Trog.
Trog was pleased with you.
You were hungry.

You visited 1 branch of the dungeon, and saw 3 of its levels.

You collected 74 gold pieces.

Inventory:

Hand Weapons
 a - a +0 hand axe (weapon)
Armour
 b - a +0 animal skin
 l - a +0 leather armour (worn)
Wands
 m - a wand of slowing (22/48)
Scrolls
 c - 3 scrolls of identify
 d - a scroll of immolation {unknown}
 i - a scroll of fear {unknown}
 k - 2 scrolls of teleportation
 o - a scroll of remove curse
 q - a scroll of blinking {unknown}
Potions
 e - a potion of lignification {unknown}
 f - a potion of agility {unknown}
 g - a potion of might {unknown}
 h - a potion of cure mutation {unknown}
 j - 2 potions of resistance
 n - a potion of ambrosia {unknown}
Comestibles
 p - 4 fruits


   Skills:
 + Level 4.0 Fighting
 + Level 3.6 Axes
 + Level 2.6 Armour
 + Level 3.7 Dodging
 + Level 1.1 Stealth


You had 4 spell levels left.
You didn't know any spells.

Dungeon Overview and Level Annotations

Branches:
Dungeon (3/15)

Altars:
Cheibriados
Nemelex Xobeh

Annotations:
D:3 Grinder


Innate Abilities, Weirdness & Mutations

You have large cloven feet.
You are immune to rotting.


Message History

You barely miss Grinder.
Grinder is severely wounded.
Grinder completely misses you. Grinder gestures at you.
You shrug off the repeated paralysis!
You barely miss Grinder.
Grinder is severely wounded.
Grinder gestures at you. You resist with significant effort. Grinder hits you.
You writhe in agony.
Grinder hits you.
You writhe in agony.
* * * LOW HITPOINT WARNING * * *
You closely miss Grinder. Your kick misses Grinder.
Grinder is severely wounded.
Grinder gestures at you.
You barely resist. Grinder misses you.
You barely miss Grinder. You kick Grinder, but do no damage.
Grinder is severely wounded.
Grinder gestures at you. Pain shoots through your body!
You die...

#...##.#...##..###...(...........
.##.##.##.............#########..
###.##.######..........#########.
#.##.# #..######....(.......
#.##.# #..# #.##########. #.##>.
#..# #.# #. #.#### #..# #.# #.
#.# #.###..######.# #. #.#
#.......@5....# #.
#.#########..######## #.
#................... .
####################


You could see Grinder.

Vanquished Creatures
  The ghost of poirepourri the Firebug, an amateur DEFE (D:3)
  A hound (D:3)
  A gnoll (D:2)
  3 adders
  6 giant geckos
  2 orcs
  4 giant cockroaches
  8 goblins
  14 hobgoblins
  4 jackals (D:1)
  11 kobolds
  A ball python (D:3)
  5 bats
  2 giant newts
  11 rats
74 creatures vanquished.

Notes
Turn   | Place    | Note
--------------------------------------------------------------
     0 | D:1      | poirepourri the Demonspawn Berserker began the quest for the Orb.
     0 | D:1      | Reached XP level 1. HP: 18/18 MP: 1/1
   227 | D:1      | Gained mutation: You have large cloven feet. [demonic ancestry]
   227 | D:1      | Reached XP level 2. HP: 6/24 MP: 2/2
  1150 | D:1      | Reached XP level 3. HP: 21/29 MP: 3/3
  1224 | D:1      | HP: 1/29 [kobold/whip (5)]
  1237 | D:1      | Reached ** piety under Trog
  1975 | D:2      | Found a snail-covered altar of Cheibriados.
  2105 | D:2      | Reached XP level 4. HP: 35/35 MP: 4/4
  3096 | D:3      | Gained mutation: You are immune to rotting. [demonic ancestry]
  3096 | D:3      | Reached XP level 5. HP: 27/42 MP: 5/5
  3315 | D:3      | Found a sparkling altar of Nemelex Xobeh.
  3398 | D:3      | Noticed poirepourri's ghost (amateur DEFE)
  3412 | D:3      | HP: 2/63 [poirepourri's ghost (4)]
  3413 | D:3      | Killed poirepourri's ghost
  3413 | D:3      | Reached skill level 4 in Fighting
  3413 | D:3      | Reached skill level 1 in Stealth
  4029 | D:3      | Noticed Grinder
  4030 | D:3      | Paralysed by Grinder for 5 turns
  4045 | D:3      | Paralysed by Grinder for 5 turns
  4055 | D:3      | Killed from afar by Grinder

Vault maps used:
D:1:      dpeg_arrival_court, serial_glass, glass_columns_b, glass_columns_a,
          hangedman_decor_points
D:2:      cheibriados_altar_wand_db, kennysheep_generic_room_8
D:3:      nemelex_deck, uniq_grinder

Action                   |  1- 3 |  4- 6 || total
-------------------------+-------+-------++-------
Melee: Hand axe          |   152 |   141 ||   293
Invok: Berserk           |     1 |     2 ||     3
       Trog's Hand       |       |     1 ||     1
  Use: Scroll            |     4 |       ||     4
       Potion            |     2 |     3 ||     5
  Eat: Bread ration      |     1 |       ||     1
       Meat ration       |       |     1 ||     1
       Royal jelly       |       |     1 ||     1
       Chunk             |       |     1 ||     1
